 Dungeon Crawl Stone Soup version 0.31.0-9-g3a7656b989 (webtiles) character file.

Game seed: 14820867222170702464

6 qw the Shooter (level 1, 0/12 HPs)
             Began as a Deep Elf Hunter on Feb 2, 2024.
             Slain by a hobgoblin (4 damage)
             ... on level 1 of the Dungeon.
             The game lasted 00:00:00 (211 turns).

qw the Shooter (Deep Elf Hunter)                     Turns: 211, Time: 00:00:01

Health: 0/12       AC:  0    Str:  8    XL:     1   Next: 75%
Magic:  3/3        EV: 13    Int: 13    God:
Gold:   11         SH:  0    Dex: 18    Spells: 0/0 levels left

rFire   . . .        a - +0 shortbow
rCold   . . .        (shield currently unavailable)
rNeg    . . .        (no body armour)
rPois   .            (no helmet)
rElec   .            (no cloak)
rCorr   .            (no gloves)
SInv    .            (no boots)
Will    .....        (no amulet)
Stlth   ++           (no ring)
HPRegen 0.22/turn    (no ring)
MPRegen 0.08/turn

%: no passive effects
@: no status effects
A: no striking features
a: no special abilities


You were on level 1 of the Dungeon.
You visited 1 branch of the dungeon, and saw 1 of its levels.

You collected 11 gold pieces.


   Skills:
 - Level 1.5 Fighting
 + Level 5.8 Ranged Weapons
 - Level 2.4 Dodging
 - Level 1.2 Stealth


You couldn't memorise any spells.
You didn't know any spells.
Your spell library was empty.

Inventory:

Hand Weapons
 a - a +0 shortbow (weapon)
Armour
 c - a +0 leather armour
 e - a +0 scale mail
Scrolls
 b - a scroll of butterflies
 f - a scroll of enchant weapon {unknown}
 g - a scroll of identify {unknown}
 h - a scroll of teleportation {unknown}
Potions
 d - a potion of attraction {unknown}

Dungeon Overview and Level Annotations

Branches:
Dungeon (1/15)

Altars:

Shops:
D:1 [


Message History

You enter the shallow water.
Moving in this stuff is going to be slow.
g - a scroll labelled FIORRI QOEME You enter the shallow water.
Moving in this stuff is going to be slow.
h - a scroll labelled QOIPHI SEPTUAGG
There is an entrance to Lelostah's Armour Shoppe here.
199 ||| SHOPLISTING +0 leather armour of poison resistance (78 gold, have 11).
You can access your shopping list by pressing '$'.
199 ||| SHOPLISTING +0 pair of boots (58 gold, have 11).
You can access your shopping list by pressing '$'.
199 ||| SHOPLISTING +0 ring mail (52 gold, have 11).
You can access your shopping list by pressing '$'.
199 ||| SHOPLISTING +0 robe of fire resistance (100 gold, have 11).
You can access your shopping list by pressing '$'.
199 ||| SHOPLISTING +1 pair of gloves of dexterity (214 gold, have 11).
You can access your shopping list by pressing '$'.
A frilled lizard comes into view.
The frilled lizard hisses angrily.
You hear a loud squeak.
A hobgoblin comes into view.
There are monsters nearby!
201 ||| UPGRADING to +0 scale mail.
You start removing your armour.
You continue taking off your +0 leather armour. x2
You stop removing your armour.
You shoot an arrow.
The arrow barely misses the frilled lizard.
205 ||| UPGRADING to +0 scale mail.
You start removing your armour.
You continue taking off your +0 leather armour. x3
The frilled lizard bites you.
You continue taking off your +0 leather armour.
The frilled lizard bites you.
You finish taking off your +0 leather armour.
You shoot an arrow.
The arrow barely misses the frilled lizard.
The frilled lizard misses you.
You shoot an arrow. The arrow barely misses the hobgoblin.
The hobgoblin hits you. The frilled lizard bites you. The hobgoblin hits you.
You die...

~#8~........#
##.~..#.#.#.# ###.
8..~........## ###....
~~~~..#.#.#..# .......
#####........# .#.#...
%)....#..##..# .....#.
#####...#...#####r#.#...
.# #.#.#.#.....lg......
.# #.........\.@# .#
####.##..###........ .#
#.##..# #####...# .#
#....... ## .###
####..### .... ...# ##.#
##..# #># #..# #.#


You could see a hobgoblin, a frilled lizard and a rat.

Vanquished Creatures
  2 goblins (D:1)
  A hobgoblin (D:1)
  A ball python (D:1)
  2 frilled lizards (D:1)
  A kobold (D:1)
7 creatures vanquished.

Notes
Turn   | Place    | Note
-------+----------+-------------------------------------------
     0 | D:1      | qw the Deep Elf Hunter began the quest for the Orb.
     0 | D:1      | Reached XP level 1. HP: 12/12 MP: 3/3
     0 | D:1      | 0 ||| qw: Version: 0.3-a-155-g5e7d8dd
     0 | D:1      | 0 ||| qw: Game counter: 689
     0 | D:1      | 0 ||| qw: Melee chars always use a shield: true
     0 | D:1      | 0 ||| qw: God list: Okawaru
     0 | D:1      | 0 ||| qw: Allow faded altars: false
     0 | D:1      | 0 ||| qw: Do Orc after clearing Dungeon:15 true
     0 | D:1      | 0 ||| qw: Do second Lair branch before Depths: true
     0 | D:1      | 0 ||| qw: Lair rune preference: random
     0 | D:1      | 0 ||| qw: Goals: Normal
     0 | D:1      | 0 ||| PLANNING D:1-11
   189 | D:1      | Found Lelostah's Armour Shoppe.
   199 | D:1      | 199 ||| SHOPLISTING +0 leather armour of poison resistance
                  | (78 gold, have 11).
   199 | D:1      | 199 ||| SHOPLISTING +0 pair of boots (58 gold, have 11).
   199 | D:1      | 199 ||| SHOPLISTING +0 ring mail (52 gold, have 11).
   199 | D:1      | 199 ||| SHOPLISTING +0 robe of fire resistance (100 gold,
                  | have 11).
   199 | D:1      | 199 ||| SHOPLISTING +1 pair of gloves of dexterity (214
                  | gold, have 11).
   201 | D:1      | 201 ||| UPGRADING to +0 scale mail.
   205 | D:1      | 205 ||| UPGRADING to +0 scale mail.
   211 | D:1      | Slain by a hobgoblin

Levels and vault maps discovered:
D:1:      lightli_arrival_isolated_outpost, layout_loops_ring, serial_shops,
          shop, serial_glass, glass_columns_a, glass_columns_b

Action                     || total
---------------------------++-------
   Fire: Shortbow          ||    22
 Armour: Leather armour    ||     3
         Skin              ||     3
  Dodge: Dodged            ||     3

Table legend:
 A = Non-vault XP
 B = Vault XP
 C = Vault XP percentage of total XP
 D = Non-vault monster count
 E = Vault monster count
 F = Vault count percentage of total count
                 A         B        C        D         E       F
            +---------+---------+-------+---------+---------+-------
      Total |       9 |       0 |   0.0 |       7 |       0 |   0.0
            +---------+---------+-------+---------+---------+-------
        D:1 |       9 |       0 |   0.0 |       7 |       0 |   0.0
            +---------+---------+-------+---------+---------+-------
